AoeStats
← Ten Letters

Black Forest

503972936Analyzed
1v1 RM · 1mo ago on Sep 3, 2026· 94m 11s· 2 players
Game mode
Random Map
Map size
Tiny (2 player)
Population
200
Speed
Normal
Resources
Standard
Victory
Conquest
Starting age
Dark Age
Ending age
Imperial Age
RankedLock teamsTeams togetherTeam positionsShared explorationLock speedFull tech treeHidden civsTurbo modeCheats
Victory
Defeat
🇷🇺 Saracens · Russia
428
+6
🇬🇧 Britons · United Kingdom
157
-6
Ten Letters
16:27 Feudal Age
14:43 Loom
17:22 Arson
17:00 Man-at-Arms
18:20 Wheelbarrow
17:55 Double-Bit Axe
20:22 Gold Mining
20:27 Stone Mining
21:07 Horse Collar
28:59 Castle Age
29:57 Hand Cart
30:23 Long Swordsman
30:49 Gambesons
32:33 Padded Archer Armor
32:24 Fletching
32:45 Forging
32:36 Scale Mail Armor
33:49 Crossbowman
34:53 Leather Archer Armor
34:34 Bodkin Arrow
34:43 Heavy Plow
34:57 Bow Saw
36:44 Iron Casting
36:25 Chain Mail Armor
36:51 Gold Shaft Mining
39:06 Guard Tower
39:13 Murder Holes
41:35 Ballistics
41:28 Fortified Wall
44:41 Imperial Age
41:57 Town Watch
45:05 Masonry
44:48 Heated Shot
45:44 Bracer
46:15 Ring Archer Armor
46:46 Blast Furnace
46:17 Plate Mail Armor
46:45 Warwolf
47:25 Hoardings
47:32 Town Patrol
47:25 Two-Handed Swordsman
50:33 Two-Man Saw
50:34 Yeomen
49:57 Heavy Scorpion
51:31 Treadmill Crane
52:23 Architecture
52:00 Siege Engineers
52:58 Chemistry
54:54 Elite Longbowman
75:38 Arbalester
78:21 Champion
83:18 Keep
82:29 Arrowslits
slow snail
0:36 Loom
16:25 Feudal Age
17:09 Double-Bit Axe
18:03 Gold Mining
18:01 Horse Collar
26:25 Castle Age
24:47 Stone Mining
26:30 Man-at-Arms
27:10 Elite Skirmisher
28:13 Bow Saw
28:51 Gold Shaft Mining
28:38 Gambesons
28:56 Squires
28:44 Arson
29:03 Scale Mail Armor
29:15 Forging
28:57 Fletching
30:05 Wheelbarrow
29:10 Long Swordsman
30:36 Chain Mail Armor
30:28 Scale Barding Armor
30:26 Padded Archer Armor
31:07 Heavy Plow
31:55 Bodkin Arrow
32:36 Iron Casting
34:25 Hand Cart
33:57 Town Watch
38:30 Imperial Age
37:23 Town Patrol
39:46 Conscription
39:54 Chain Barding Armor
40:05 Plate Mail Armor
39:27 Two-Handed Swordsman
41:18 Champion
42:40 Plate Barding Armor
43:06 Blast Furnace
43:54 Two-Man Saw
44:27 Bracer
44:44 Leather Archer Armor
45:26 Ballistics
44:47 Treadmill Crane
45:03 Murder Holes
45:19 Fortified Wall
44:55 Arrowslits
46:11 Chemistry
45:22 Masonry
46:44 Husbandry
47:19 Ring Archer Armor
48:29 Bloodlines
47:42 Heavy Camel Rider
48:52 Parthian Tactics
48:36 Thumb Ring
53:02 Counterweights
53:32 Hoardings
53:16 Light Cavalry
56:32 Siege Engineers
61:29 Capped Ram
63:13 Hussar
64:00 Siege Ram
72:02 Onager
73:35 Siege Onager
74:55 Elite Mameluke
93:27 Fervor
Connection lost

Rejoining the realm…

Still unreachable

The connection could not be restored.

Session expired

The server has moved on; the page needs a fresh start.